 Dungeon Sprint DCSS version 0.27-a0-808-g60bc5d92e6 (webtiles) character file.

Game seed: 10948618395344441168

126 mhtbhm the Skirmisher (level 5, -3/38 HPs)
             Began as a Kobold Berserker on Mar 28, 2021.
             Was a Priest of Trog.
             Slain by a water moccasin (9 damage)
             ... in the Dungeon (Sprint IX: "|||||||||||||||||||||||||||||").
             The game lasted 00:00:13 (159 turns).

mhtbhm the Skirmisher (Kobold Berserker)             Turns: 159, Time: 00:00:13

Health: -3/38      AC:  2    Str: 15    XL:     5   Next: 32%
Magic:  5/5        EV: 16    Int:  8    God:    Trog [***...]
Gold:   0          SH:  0    Dex: 15    Spells: 4/4 levels left

rFire    . . .     SeeInvis .   a - +0 mace
rCold    . . .     Faith    .   (shield restricted)
rNeg     . . .     Spirit   .   b - +0 animal skin
rPois    .         Reflect  .   (no helmet)
rElec    .         Harm     .   (no cloak)
rCorr    .         Rampage  .   (no gloves)
Will     .....     NoTele   +   (no boots)
Stlth    ++........             (no amulet)
HPRegen  0.12/turn              (no ring)
MPRegen  0.09/turn              (no ring)

@: berserk cooldown, slowed, very slow
A: small, no large weapons, nightstalker 3
a: Renounce Religion, Berserk, Trog's Hand


You were in the Dungeon.
You worshipped Trog.
Trog was most pleased with you.
You visited 1 branch

Inventory:

Hand Weapons
 a - a +0 mace (weapon)
Armour
 b - a +0 animal skin (worn)
Scrolls
 h - a scroll of blinking
Potions
 c - a potion of curing
 d - a potion of heal wounds
 e - a potion of haste
 f - 2 potions of magic
 g - a potion of berserk rage


   Skills:
 + Level 7.1 Fighting
 + Level 6.3 Maces & Flails
 + Level 2.9 Armour
 + Level 4.6 Dodging


You had 4 spell levels left.
You didn't know any spells.
Your spell library was empty.

Dungeon Overview and Level Annotations

Branches:
Dungeon (1/1)

Altars:


Innate Abilities, Weirdness & Mutations

You are small and have problems with some larger weapons.
You are completely attuned to the shadows.


Message History

There is an open door here.
You miss the sky beast. The sky beast misses you.
You thump the sky beast!
The sky beast is moderately wounded.
The sky beast hits you. The sky beast shocks you.
You are too injured to fight recklessly!
You are too injured to fight recklessly!
You are too injured to fight recklessly!
You are too injured to fight recklessly!
You are too injured to fight recklessly!
You are too injured to fight recklessly!
You are too injured to fight recklessly!
You are too injured to fight recklessly!
You are too injured to fight recklessly!
You are too injured to fight recklessly!
You are too injured to fight recklessly!
You are too injured to fight recklessly!
You sock the sky beast!
The sky beast is severely wounded.
The sky beast hits you. The sky beast shocks you.
* * * LOW HITPOINT WARNING * * *
You sock the sky beast!
You kill the sky beast!
Trog accepts your kill.
Your Fighting skill gained 2 levels and is now at level 7!
Your Maces & Flails skill gained 2 levels and is now at level 6!
Your Dodging skill increases to level 4!
You have reached level 4!
You have reached level 5!
You feel agile.
You sock the hound!
The hound is severely wounded.
You are no longer berserk.
You are exhausted.
You feel yourself slow down. The hound barely misses you.
You thump the hound!
You kill the hound!
Trog accepts your kill. The water moccasin bites you!
You die...

▓.▓
▓.▓
▓Z▓
▓S▓
▓@▓
▓.▓
▓.▓
▓.▓
▓.▓
▓†▓
▓'▓
▓.▓
▓.▓


You could see a water moccasin and a quokka zombie.

Vanquished Creatures
  A sky beast (D)
  A hound (D)
  A jelly (D)
  3 ball pythons (D)
  A bat (D)
  A frilled lizard (D)
8 creatures vanquished.

Notes
Turn   | Place    | Note
-------+----------+-------------------------------------------
     0 | D        | mhtbhm the Kobold Berserker began the quest for the Orb.
     0 | D        | Reached XP level 1. HP: 14/14 MP: 1/1
    14 | D        | Reached ** piety under Trog
    17 | D        | Reached skill level 4 in Fighting
   147 | D        | Noticed a sky beast
   147 | D        | Noticed a jelly
   152 | D        | Killed a jelly
   153 | D        | Reached skill level 5 in Fighting
   153 | D        | Reached XP level 2. HP: 17/21 MP: 2/2
   153 | D        | Reached XP level 3. HP: 22/26 MP: 3/3
   153 | D        | Noticed a water moccasin
   157 | D        | Killed a sky beast
   157 | D        | Reached *** piety under Trog
   158 | D        | Reached skill level 7 in Fighting
   158 | D        | Reached XP level 4. HP: 8/34 MP: 4/4
   158 | D        | Reached XP level 5. HP: 9/38 MP: 5/5
   159 | D        | Slain by a water moccasin

Illustrated notes

Levels and vault maps discovered:
D:        linesprint [early_d, line_temple, items_1, d_10, items_2, lair_1,
          lair_end, items_3, orc_1, orc_end, items_4, d_15, swamp_1, shoals_1,
          snake_1, spider_1, d_20, vaults_1, items_5, swamp_end, shoals_end,
          snake_end, spider_end, vaults_end, d_27, items_6, zot_1, zot_end,
          crypt_end, forest_end, elf_end, slime_end, tomb_end, abyss_end,
          pan_hell_end]

Skill      XL: |  1  2  3 |
---------------+----------+-----
Maces & Flails | 4 6 |  6.3
Fighting       | 5 7 |  7.1
Armour         | 2 |  2.9
Dodging        | 3 4 |  4.6

Action                   |  1- 3 |  4- 6 || total
-------------------------+-------+-------++-------
Melee: Mace              |    19 |     2 ||    21
Invok: Berserk           |     2 |       ||     2
Armor: Animal skin       |     1 |       ||     1
Dodge: Dodged            |     9 |     1 ||    10

Table legend: (Time is in decaauts)
 A = Elapsed time spent in this place.
 B = Non-inter-level travel time spent in this place.
 C = Inter-level travel time spent in this place.
 D = Time resting spent in this place.
 E = Time spent auto-exploring this place.
 F = Levels seen in this place.
 G = Mean time per level.
                   A        B        C        D        E       F      G
               +--------+--------+--------+--------+--------+-----+--------+
         Total |    164 |    164 |      0 |    132 |      3 |   1 |  164.0 |
       Dungeon |    164 |    164 |      0 |    132 |      3 |   1 |  164.0 |
               +--------+--------+--------+--------+--------+-----+--------+

Top non-repeatable levels by time:
       D: 164 daAuts
